 Dungeon Crawl Stone Soup version 0.20.1-1-g8b1a95d (webtiles) character file.

267 OneorTwo the Bolt Thrower (level 6, -6/38 HPs)
             Began as a Kobold Hunter on July 30, 2017.
             Was an Initiate of Makhleb.
             Mangled by Duvessa
             ... wielding a +0 rapier
              (10 damage)
             ... on level 4 of the Dungeon.
             The game lasted 00:15:26 (3139 turns).

OneorTwo the Bolt Thrower (Kobold Hunter)           Turns: 3139, Time: 00:15:26

Health: -6/38      AC:  7    Str: 12    XL:     6   Next: 45%
Magic:  6/6        EV: 12    Int: 12    God:    Makhleb [......]
Gold:   148        SH:  0    Dex: 15    Spells: 5/5 levels left

rFire    . . .     SeeInvis .   b - +0 short sword
rCold    . . .     Gourm    .   (shield restricted)
rNeg     . . .     Faith    .   j - +0 scale mail
rPois    .         Spirit   .   (no helmet)
rElec    .         Reflect  .   (no cloak)
rCorr    .         Harm     .   p - +0 pair of gloves
MR       .....                  (no boots)
Stlth    ..........             l - amulet of magic regeneration
Regen    0.2/turn               (no ring)
MPRegen  0.2/turn               (no ring)

@: no status effects
A: carnivore 3
a: Renounce Religion


You were on level 4 of the Dungeon.
You worshipped Makhleb.
Makhleb was noncommittal.
You were completely stuffed.

You visited 1 branch of the dungeon, and saw 4 of its levels.

You collected 148 gold pieces.

Inventory:

Hand Weapons
 a - a +1 hand crossbow
 b - a +0 short sword (weapon)
Missiles
 v - 19 poisoned needles
Armour
 c - a +0 leather armour
 j - a +0 scale mail (worn)
 p - a +0 pair of gloves (worn)
Jewellery
 l - an amulet of magic regeneration (around neck)
Scrolls
 e - a scroll of enchant armour {unknown}
 g - 4 scrolls of identify {unknown}
 k - a scroll of random uselessness {unknown}
 m - 3 scrolls of remove curse {unknown}
 q - a scroll of recharging {unknown}
 t - a scroll of magic mapping {unknown}
Potions
 h - a potion of heal wounds {unknown}
 i - a potion of flight {unknown}
 o - a potion of brilliance {unknown}
 s - a potion of might {unknown}
 u - a potion of lignification {unknown}
 w - 2 potions of curing {unknown}
 x - a potion of haste {unknown}
Comestibles
 f - 2 meat rations
 r - a royal jelly


   Skills:
 + Level 4.0 Fighting
 * Level 5.5 Short Blades
 + Level 5.8 Crossbows
 - Level 2.4 Dodging
 - Level 1.3 Stealth


You had 5 spell levels left.
You didn't know any spells.

Dungeon Overview and Level Annotations

Branches:
Dungeon (4/15)
 Temple: D:4-7

Altars:
Cheibriados
Dithmenos
Kikubaaqudgha
Makhleb

Annotations:
D:4 Duvessa


Innate Abilities, Weirdness & Mutations

You are small and have problems with some larger weapons.
You are carnivorous and can eat meat at any time.


Message History

Duvessa is moderately wounded.
Duvessa misses you. Duvessa hits you with a rapier.
You hit Duvessa but do no damage.
Duvessa is moderately wounded.
Duvessa hits you with a rapier!
* * * LOW HITPOINT WARNING * * *
You hit Duvessa.
Duvessa is moderately wounded.
Duvessa hits you but does no damage.
You hit Duvessa.
Duvessa is moderately wounded.
Duvessa closely misses you.
You hit Duvessa but do no damage.
Duvessa is moderately wounded.
Duvessa hits you with a rapier.
* * * LOW HITPOINT WARNING * * *
You barely miss Duvessa.
Duvessa is moderately wounded.
Duvessa hits you with a rapier!
You die...

# #. #.## ##+#...
.....((########
....((.(e@)...#
........#####.###
........#.......#
.......(#.###.#.##########
##+####(#.# #.#...........
#.#.# #.##########.# (.#.#
#.####........ ###.#
#..).......... #.#
######.#####.#


You could see Duvessa (berserk).

Vanquished Creatures
  Dowan (D:4)
  2 jellies (D:2)
  3 gnolls (D:3)
  8 oozes (D:2)
  2 dart slugs (D:1)
  4 orcs (D:3)
  A ball python (D:2)
  5 giant cockroaches
  4 goblins
  6 hobgoblins
  5 jackals (D:1)
  4 quokkas
  10 bats
  9 frilled lizards
  16 kobolds
  11 rats
91 creatures vanquished.

Vanquished Creatures (others)
  8 toadstools (D:2)
8 creatures vanquished.

Grand Total: 99 creatures vanquished

Notes
Turn   | Place    | Note
-------+----------+-------------------------------------------
     0 | D:1      | OneorTwo the Kobold Hunter began the quest for the Orb.
     0 | D:1      | Reached XP level 1. HP: 12/12 MP: 1/1
   134 | D:1      | Reached skill level 1 in Short Blades
   134 | D:1      | Reached XP level 2. HP: 18/18 MP: 2/2
   318 | D:1      | Reached skill level 5 in Crossbows
   318 | D:1      | Reached XP level 3. HP: 20/22 MP: 3/3
   867 | D:1      | You fall through a shaft!
  1177 | D:2      | Reached XP level 4. HP: 28/28 MP: 4/4
  1238 | D:2      | Reached XP level 5. HP: 31/32 MP: 5/5
  1972 | D:3      | Found a snail-covered altar of Cheibriados.
  1972 | D:3      | Found an ancient bone altar of Kikubaaqudgha.
  1973 | D:3      | Found a shadowy altar of Dithmenos.
  2084 | D:3      | Found a burning altar of Makhleb.
  2166 | D:3      | Became a worshipper of Makhleb the Destroyer
  2358 | D:3      | Reached skill level 5 in Short Blades
  2358 | D:3      | Reached XP level 6. HP: 38/38 MP: 6/6
  3097 | D:4      | Noticed Dowan
  3102 | D:4      | Noticed Duvessa
  3116 | D:4      | Killed Dowan
  3139 | D:4      | Mangled by Duvessa

Skill      XL: |  1  2  3  4  5  6 |
---------------+-------------------+-----
Short Blades   | 1 2 3 5 |  5.5
Crossbows      | 5 |  5.8
Fighting       | 3 4 |  4.0
Dodging        | |  2.4
Stealth        | |  1.3

Action                   |  1- 3 |  4- 6 || total
-------------------------+-------+-------++-------
Melee: Short sword       |    36 |   149 ||   185
 Fire: Hand crossbow     |    53 |    41 ||    94
  Eat: Chunk             |     9 |     6 ||    15
Armor: Leather armour    |     1 |       ||     1
       Scale mail        |    10 |    45 ||    55
Dodge: Dodged            |    26 |    77 ||   103
